Map: [ESL] Alcyone

Players

Astrea

  • Race: Protoss Protoss
  • Spawn Location: 1:00

Cure - Winner!

  • Race: Terran Terran
  • Spawn Location: 7:00

Event: ESL SC2 Masters 2023 Winter (Finals)

VOD

Have the link to the VOD?

Description

Time

  • Played on: Dec. 15, 2023, 10:47 a.m.
  • Length: 11:51

All games in this series

Show
View Real Time Build Order
Export as new Build Order

Astrea Protoss 

Build Orders: Phoenix Opening, Colossus Rush 

Get SALT Encoding   

  12  0:00  Probe  
  13  0:12  Probe  
  14  0:16  Pylon  
  14  0:24  Probe (Chrono Boost)  
  16  0:36  Gateway, Probe (Chrono Boost)  
  16  0:43  Probe (Chrono Boost)  
  16  0:45  Assimilator  
  17  0:51  Probe  
  18  1:03  Probe  
  19  1:15  Probe  
  20  1:27  Cybernetics Core, Probe  
  21  1:33  Pylon  
  21  1:39  Probe  
  22  1:51  Probe  
  23  2:01  Adept (Chrono Boost)  
  23  2:03  Probe  
  23  2:04  Warp Gate  
  23  2:07  Nexus  
  27  2:15  Probe  
  27  2:17  Assimilator  
  27  2:23  Sentry (Chrono Boost)  
  27  2:27  Probe  
  30  2:32  Gateway  
  30  2:39  Probe  
  30  2:42  Pylon  
  31  2:49  Phoenix  
  31  3:00  Probe, Stalker  
  34  3:12  Probe (Chrono Boost)  
  35  3:14  Robotics Facility  
  35  3:19  Probe (Chrono Boost)  
  36  3:22  Stalker  
  36  3:24  Probe (Chrono Boost)  
  39  3:30  Probe (Chrono Boost)  
  39  3:32  Probe (Chrono Boost)  
  41  3:35  Probe (Chrono Boost)  
  41  3:38  Probe  
  43  3:45  Probe, Pylon  
  44  3:50  Probe  
  44  3:53  Stalker  
  47  3:58  Probe  
  47  4:01  Observer  
  47  4:02  Stalker  
  51  4:03  Probe  
  52  4:11  Probe, Pylon  
  52  4:15  Nexus  
  53  4:19  Probe  
  53  4:23  Observer, Assimilator  
  55  4:25  Assimilator  
  55  4:26  Probe  
  55  4:30  Stalker  
  58  4:33  Stalker  
  58  4:36  Probe  
  61  4:42  Probe  
  61  4:46  Robotics Bay  
  61  4:48  Probe  
  62  4:54  Probe (Chrono Boost)  
  62  4:59  Immortal (Chrono Boost)  
  67  5:00  Probe (Chrono Boost)  
  67  5:04  Pylon  
  67  5:07  Probe (Chrono Boost)  
  69  5:10  Pylon  
  69  5:11  Probe (Chrono Boost)  
  70  5:14  Observer, Twilight Council  
  70  5:22  Probe x2  
  70  5:27  Probe  
  73  5:33  Colossus (Chrono Boost)  
  73  5:34  Probe  
  80  5:40  Blink (Chrono Boost)  
  80  5:42  Probe x2  
  82  5:46  Probe  
  83  5:51  Gateway x2  
  83  5:52  Extended Thermal Lance  
  83  5:54  Probe  
  84  5:57  Probe  
  84  5:58  Observer, Gateway  
  84  6:02  Stalker  
  87  6:06  Probe  
  87  6:09  Probe  
  86  6:12  Colossus (Chrono Boost)  
  86  6:13  Observer, Probe  
  93  6:25  Gateway, Probe  
  94  6:27  Gateway  
  94  6:28  Gateway  
  94  6:29  Shield Battery  
  94  6:31  Pylon  
  94  6:38  Sentry x2  
  98  6:40  Probe x3  
  98  6:42  Pylon  
  98  6:43  Forge  
  101  6:52  Probe x2  
  103  6:54  Pylon  
  103  6:59  Stalker x3  
  109  7:02  Stalker x2  
  113  7:12  Warp Prism (Chrono Boost)  
  115  7:16  Protoss Ground Weapons Level 1 (Chrono Boost)  
  113  7:23  Stalker x3  
  113  7:25  Zealot x3  
  125  7:36  Stalker x2  
  115  7:44  Probe x2  
  115  7:49  Observer  
  117  7:54  Probe  
  117  7:55  Pylon x2  
  117  7:57  Pylon  
  117  8:15  Stalker x7, Pylon  
  117  8:16  Pylon  
  129  8:25  Zealot  
  131  8:29  Probe  
  131  8:31  Observer  
  131  8:32  Probe  
  124  8:34  Probe  
  125  8:42  Probe  
  125  8:44  Probe  
  125  8:47  Zealot x7  
  141  8:50  Stalker  
  138  9:09  Stalker x4  
  106  9:31  Stalker x2  
  98  9:32  Stalker  
  98  9:33  Stalker x2  
  76  10:00  Stalker x2  
  76  10:01  Stalker x3  
  18  10:44  Stalker  
  18  10:46  Observer  
  15  11:27  Probe  
Show
View Real Time Build Order
Export as new Build Order

Cure Terran - Winner!

Build Orders:  

Get SALT Encoding   

  12  0:00  SCV  
  13  0:12  SCV  
  14  0:16  Supply Depot  
  14  0:24  SCV  
  14  0:28  Refinery  
  15  0:38  SCV  
  16  0:44  Barracks  
  16  0:50  SCV  
  17  1:02  SCV  
  18  1:06  Engineering Bay  
  18  1:14  SCV  
  19  1:31  Orbital Command, Marine  
  20  1:38  Factory  
  20  1:51  Engineering Bay  
  20  1:54  Barracks Reactor  
  20  1:58  SCV  
  21  2:03  Supply Depot  
  21  2:10  SCV  
  22  2:23  Command Center  
  22  2:25  Hellion  
  22  2:26  SCV  
  25  2:30  Marine  
  25  2:31  Marine  
  27  2:40  Starport  
  27  2:45  Supply Depot  
  27  2:48  SCV  
  28  2:53  Marine x2  
  30  3:01  Refinery  
  30  3:04  SCV  
  31  3:07  Widow Mine  
  33  3:16  SCV, Medivac  
  33  3:18  Marine x2  
  38  3:28  SCV  
  39  3:38  Orbital Command  
  39  3:41  SCV  
  40  3:44  Marine x2  
  40  3:48  Starport Tech Lab, Factory Tech Lab  
  42  3:53  SCV  
  41  3:58  Bunker  
  41  4:02  Marine  
  41  4:03  SCV, Marine  
  41  4:05  SCV  
  41  4:07  Siege Tank  
  48  4:10  Barracks  
  48  4:15  Supply Depot  
  48  4:16  SCV  
  49  4:18  SCV  
  49  4:21  Raven  
  52  4:25  Marine x2  
  53  4:31  Interference Matrix  
  53  4:34  SCV  
  53  4:35  Barracks  
  53  4:36  SCV  
  55  4:44  Marine, Refinery  
  54  4:45  Engineering Bay  
  54  4:48  Supply Depot  
  54  4:52  SCV  
  55  4:53  SCV  
  58  5:03  Marine x2  
  58  5:04  SCV  
  58  5:05  SCV  
  62  5:09  Supply Depot  
  62  5:11  Stimpack, Marauder  
  62  5:12  Terran Infantry Weapons Level 1  
  62  5:16  SCV  
  62  5:21  SCV  
  64  5:22  Marine  
  64  5:23  Marine  
  67  5:28  SCV  
  67  5:29  Refinery  
  67  5:31  Supply Depot  
  67  5:33  SCV  
  67  5:35  Marauder x2  
  72  5:39  Starport Reactor, Supply Depot  
  72  5:40  Factory Reactor  
  72  5:42  SCV  
  73  5:44  Marine  
  73  5:45  Marine, SCV  
  73  5:48  Combat Shield  
  76  5:54  SCV  
  77  5:57  SCV  
  77  6:01  Supply Depot  
  77  6:02  Supply Depot  
  78  6:07  Marine x2  
  78  6:08  Marauder x2  
  78  6:09  SCV x2  
  80  6:15  Medivac x2  
  80  6:17  Widow Mine  
  80  6:18  Widow Mine  
  88  6:28  Marine x2  
  88  6:29  Marauder  
  92  6:40  SCV  
  92  6:41  SCV  
  92  6:43  Marauder  
  92  6:44  Command Center  
  92  6:46  Marine x2  
  98  6:51  Marauder  
  98  6:52  Concussive Shells  
  98  6:53  Medivac  
  98  6:54  Medivac  
  104  6:57  Supply Depot  
  104  7:02  Supply Depot  
  104  7:07  Marauder, Marine x2  
  108  7:12  Marauder  
  108  7:13  Widow Mine  
  110  7:19  Widow Mine  
  108  7:29  Marauder, Marine x2  
  112  7:34  Marauder  
  114  7:37  Viking x2  
  114  7:43  SCV x2, Widow Mine x2  
  124  7:51  Barracks  
  124  7:53  Barracks  
  124  7:58  Marine x2  
  124  7:59  Marauder x2  
  124  8:00  SCV  
  124  8:01  Terran Infantry Armor Level 1, SCV  
  124  8:04  Orbital Command  
  132  8:12  Viking  
  132  8:13  Viking  
  132  8:16  SCV  
  132  8:17  SCV  
  124  8:25  Marauder x2, Marine x2  
  124  8:26  Widow Mine  
  130  8:34  Widow Mine  
  130  8:35  SCV x2  
  130  8:36  SCV  
  129  8:45  Barracks Reactor, Barracks Tech Lab  
  129  8:46  Marauder x2  
  129  8:47  Supply Depot  
  133  8:49  Viking  
  133  8:50  Viking  
  133  8:54  SCV x3  
  140  8:58  Ghost Academy  
  139  9:05  Marauder  
  139  9:09  Marauder x2  
  145  9:11  Marine x2  
  146  9:18  Widow Mine x2  
  146  9:21  Marine x2  
  131  9:26  Marauder  
  131  9:28  Marine  
  131  9:29  Marine  
  131  9:30  Viking, Marauder x2  
  112  9:36  Viking  
  109  9:39  Marine x2  
  107  9:46  Marine x2  
  107  9:48  Marauder  
  107  9:51  Marine x2  
  88  9:57  Marine  
  64  10:04  Viking  
  62  10:09  Marauder  
  62  10:12  Marauder, Marine  
  66  10:15  Marine  
  63  10:26  Marauder  
  43  10:31  Marine  
  28  10:41  Orbital Command  
  28  10:42  Orbital Command  
  16  10:53  Marine x3  
Tags
 
Add a new tag
Caveats
  • Supply blocks, unpowered buildings, or Contaminate may cause inaccurate times.
  • Supply counts are checked every 10 seconds.